General information
			
			
        
        - name: jay2
 
        - type: Custom game
 
        - host: TALONSAREIMBA
 
        - saver: TALONSAREIMBA
 
        
map: TwistedMeadows 
        - players: 2
 
        - length: 10:07
 
        - speed: Fast
 - version: 1.22 W3XP
 - replay type:  Public
 
» download(42 KB)
Players
        team 1 (winner) 
              
              
TALONSAREIMBA (
pink | 135 APM | 1367 actions | 10:07)
              
 3 Blademaster 
 1 Wind Walk
 2 Critical Strike
 1 Shadow Hunter 
 1 Hex
 
                » actions 
                
                | Assign group hotkey | 20 |  | 
| Basic commands | 92 |  | 
| Build / train | 32 |  | 
| ESC pressed | 1 |  | 
| Enter build submenu | 12 |  | 
| Enter hero's abilities submenu | 4 |  | 
| Give item / drop item | 1 |  | 
| Right click | 583 |  | 
| Select / deselect | 309 |  | 
| Select group hotkey | 265 |  | 
| Use ability | 48 |  | 
                1367 total
 » units 
                » upgrades
                
                | Berserker Strength | 1 |  | 
| Ensnare | 1 |  | 
                2 total
 » buildings
                
                | Altar of Storms | 1 |  | 
| Orc Burrow | 5 |  | 
| Barracks | 1 |  | 
| Voodoo Lounge | 1 |  | 
| Stronghold | 1 |  | 
| War Mill | 1 |  | 
| Beastiary | 1 |  | 
                11 total
 » build order
                00:05 Altar of Storms
00:07 Orc Burrow
00:40 Barracks
01:28 Orc Burrow
01:56 Voodoo Lounge
03:18 Stronghold
04:21 Orc Burrow
05:12 War Mill
06:07 Beastiary
09:02 Orc Burrow
09:07 Orc Burrow
» items
                
                | Boots of Speed | 1 |  | 
| Circlet of Nobility | 1 |  | 
| Healing Salve | 2 |  | 
| Lesser Clarity Potion | 1 |  | 
                5 total
  
               team 2 (loser) 
              
              
ipractice2suck (
red | 129 APM | 1301 actions | 10:06)
              
 2 Blademaster 
 1 Wind Walk
 1 Critical Strike
 1 Shadow Hunter 
 1 Hex
 
                » actions 
                
                | Assign group hotkey | 22 |  | 
| Basic commands | 20 |  | 
| Build / train | 49 |  | 
| Enter build submenu | 17 |  | 
| Enter hero's abilities submenu | 3 |  | 
| Give item / drop item | 1 |  | 
| Remove unit from queue | 7 |  | 
| Right click | 661 |  | 
| Select / deselect | 174 |  | 
| Select group hotkey | 286 |  | 
| Use ability | 61 |  | 
                1301 total
 » units 
                » upgrades
                » buildings
                
                | Altar of Storms | 1 |  | 
| Orc Burrow | 3 |  | 
| Barracks | 2 |  | 
| Voodoo Lounge | 3 |  | 
| Stronghold | 7 |  | 
| Beastiary | 5 |  | 
| War Mill | 1 |  | 
                22 total
 » build order
                00:12 Altar of Storms
00:20 Orc Burrow
00:38 Barracks
01:44 Orc Burrow
02:15 Voodoo Lounge
03:14 Stronghold
03:15 Stronghold
03:15 Stronghold
03:15 Stronghold
04:43 Orc Burrow
06:15 Voodoo Lounge
06:33 Voodoo Lounge
07:19 Beastiary
08:07 Beastiary
08:32 Beastiary
08:35 Barracks
09:00 Beastiary
09:17 War Mill
09:19 Beastiary
» items
                
                | Healing Salve | 6 |  | 
| Lesser Clarity Potion | 3 |  | 
| Dust of Appearance | 1 |  | 
| Boots of Speed | 1 |  | 
| Circlet of Nobility | 1 |  | 
| Scroll of Speed | 1 |  | 
                13 total
  
                Chat log
          (00:16 / All) TALONSAREIMBA: so my bro
(00:18 / All) TALONSAREIMBA: came back to wc3
(00:24 / All) ipractice2suck: ?
(00:25 / All) TALONSAREIMBA: kidpoker1
(00:25 / All) ipractice2suck: who
(00:27 / All) TALONSAREIMBA: hes really bad now
(00:28 / All) ipractice2suck: lol
(00:32 / All) TALONSAREIMBA: but he hasnt played in 3 years so
(00:45 / All) TALONSAREIMBA: my uncle plays
(00:49 / All) TALONSAREIMBA: he's nt_billiards
(10:06 / All) ipractice2suck: gg